FIQ, neutral female sylph Healer ---------- |.......`| -------------------------------- ----------- |........f# |..............................| ##..........| |.......E|# #-.------+--------------..-----.| # |.........| |........|# ###|.|....| |..(|....|.....-(..|.|#####`..........| |.>......|# # |.|....| |...|....|..|..|(..|.|# # |........<| ----------# ### |.---|----|...||------|..|...|.|### --------+-- # # |.*....|..|...|.|(.|..|.-----|.|# # ### |.----.|..|-|--.|..|..|.-....|.|# # # |.|..-.-|--..{..-|-|..|.|.._.|.|# # # |.|..|.............-|--.|....|.|# # # |.|----|--.----|--......|....|.|# # # |.|((|...|.+ |..|-|---------|.|# #### # |.|(.|(((|.| |[.|....|#.|...-.|# #------# |.|..|(((|.---|*.|....|..|...|.|# #|...).# |.-|------..{.---------|------.-# #-....| |...........................(..|# ------ -------------------------------- FIQ the Rhizotomist Experience level: 1 Strength: 10 Dexterity: 11 Constitution: 15 Intelligence: 11 Wisdom: 15 Charisma: 16 Health: 0(13) Energy: 7(7) Def: 10 Gold: 17 Moves: 4244 Dungeon seed: cpiQz97StxuoqT_X Game ID: FIQ_1456790632 Your Inventory: Coins $ - 17 gold pieces Amulets R - a blessed amulet of ESP (being worn) Weapons a - an uncursed +1 scalpel (weapon in hand) Armor q - an uncursed +0 dwarvish cloak (being worn) Comestibles o - 3 uncursed lichen corpses r - 5 uncursed apples v - an uncursed eucalyptus leaf w - 7 blessed eucalyptus leaves B - an uncursed pear M - an uncursed cream pie O - an uncursed sprig of wolfsbane Scrolls J - a blessed scroll of stinking cloud Rings p - an uncursed +1 ring of protection (on left hand) S - an uncursed ring of poison resistance (on right hand) Wands g - an uncursed wand of sleep (0:5) h - an uncursed wand of striking (0:3) i - an uncursed wand of polymorph (0:5) j - an uncursed wand of make invisible (0:5) E - an uncursed wand of speed monster (0:2) K - an uncursed wand of slow monster (0:5) Tools b - an uncursed sack k - an uncursed lock pick l - an uncursed brass lantern (0:979) s - an uncursed stethoscope H - an uncursed magic harp (0:0) Contents of the sack: a blessed scroll of blank paper 4 uncursed scrolls of blank paper a cursed scroll of create monster an uncursed scroll of destroy armor an uncursed scroll of enchant armor a cursed scroll of food detection a cursed scroll of genocide a cursed scroll of identify an uncursed scroll of magic mapping an uncursed scroll of taming an uncursed scroll of water a cursed potion of confusion a blessed potion of extra healing 3 uncursed potions of extra healing an uncursed potion of gain energy 4 uncursed potions of healing a blessed potion of invisibility a blessed potion of object detection an uncursed potion of object detection a potion of unholy water an uncursed ring of conflict an uncursed ring of fire resistance a cursed -2 ring of gain strength a cursed ring of hunger an uncursed ring of invisibility an uncursed +1 ring of protection an uncursed ring of stealth an uncursed ring of teleport control Spells and supernatural/magical abilities: Name Level Category Fail Memory h - healing 1 healing 0% 79% i - invisibility 4 escape 100% 85% x - extra healing 3 healing 91% 79% S - stone to flesh 3 healing 96% 79% W - pray for help -- divine ? -- Your skills at the end: Miscellaneous Skills wands [Basic] Weapon Skills knife [Basic] Spellcasting Skills healing spells [Basic] Final Attributes: You were devoutly aligned. You were poison resistant. You saw invisible. You were telepathic. You were protected. You were protected from shape changers. You were fast. You are dead. Vanquished creatures: a small mimic 2 mountain nymphs 2 gnome kings 2 wood nymphs a gnome lord a gnomish wizard an elf zombie a paper golem a floating eye 7 dwarves a giant bat 5 monkeys a gas spore 3 geckos 2 giant rats a cave spider a brown mold 2 green molds 2 red molds 18 gnomes 2 gnome zombies 18 jackals a fox a kobold 7 newts 3 goblins 4 sewer rats 10 grid bugs 9 lichens 2 kobold zombies 112 creatures vanquished. Voluntary challenges: You followed a strict vegan diet. You never hit with a wielded weapon. You were a pacifist. You did not apply a unicorn horn. You read items or engraved 28 times, starting on turn 1031. You never genocided any monsters. You never polymorphed an object. You never changed form. You used no wishes. You never split a pudding. You wrote Elbereth's name 2 times, starting on turn 4042. You never violated your personal moral code. Dungeon overview: The Dungeons of Doom: levels 1 to 3 Level 1 a long staircase Level 2 a general store Level 3 a jewelry store, a fountain stairs to The Gnomish Mines The Gnomish Mines: levels 4 to 7 Level 4 stairs to The Dungeons of Doom Level 5 Level 6 Level 7 <- You were here some shops, a temple to Poseidon, a magic chest, some fountains, a sink History has recorded: On T:1 you entered the Dungeons of Doom to retrieve the Amulet of Yendor! On T:480 you reached level 2 of The Dungeons of Doom. On T:1300 you reached level 3 of The Dungeons of Doom. On T:2775 you reached level 1 of The Gnomish Mines. On T:2833 you reached level 2 of The Gnomish Mines. On T:3094 you reached level 3 of The Gnomish Mines. On T:3213 you reached level 4 of The Gnomish Mines. On T:3306 you entered the Minetown temple On T:3338 you opened a magic chest. On T:3339 you opened a magic chest. On T:3340 you opened a magic chest. On T:3340 you opened a magic chest. On T:3367 you opened a magic chest. On T:3970 you opened a magic chest. Score breakdown: Gold: 0 ( 0 points) Experience: 1 level ( 0 points) Exploration: 7 levels ( 180 points) Discoveries: 14 items ( 700 points) Variety of kills: 30 monsters ( 1500 points) Major goal: reached Minetown ( 500 points) Survival: died (score multiplied by 3) Total score: 8640 Latest messages: You start equipping your hooded cloak. You are now wearing a hooded cloak. You hear rumbling in the distance. The priest of Poseidon intones: "Pilgrim, you enter a sacred place!" You have a strange forbidding feeling... You displace your large cat. (2x) The gnome punches you! "The food's not fit for Orcs!" (3x) The gnome misses. A little dart shoots out at you! You are almost hit by a little dart. You see here a dart. A little dart shoots out at you! You are almost hit by a little dart. You disarm the trap. The door opens. The door opens. There are a few objects here. Click! You trigger a rolling boulder trap! You are hit by a boulder. You die... Final status: Goodbye FIQ the Healer, killed by a boulder... You died in The Gnomish Mines on dungeon level 7 with 8640 points, and 17 pieces of gold, after 4244 moves. You were level 1 with a maximum of 13 hit points when you died.